[Event "Live Chess"]
[Site "Chess.com"]
[Date "2023.05.21"]
[Round "-"]
[White "Olisingapore"]
[Black "BostonStrangler"]
[Result "0-1"]
[WhiteElo "1770"]
[BlackElo "2058"]
[TimeControl "300"]
[EndTime "20:18:18 PDT"]
[Termination "BostonStrangler won by checkmate"]

1. d4 Nf6 2. c4 c5 3. d5 b5 4.
cxb5 a6 5. bxa6 Bxa6 6. Nc3 d6 7. g3 g6 8. Bg2 Bg7 9. Nf3 Nbd7 10. O-O Nb6 11. b3 Bc8 12. Bb2 O-O 13. Re1 Nfxd5 14. Nxd5 Bxb2 15. Nxb6 Qxb6 16. Rb1 Bg7 17. a4 Bf5 18. e4 Bc8 19. Qd5 Bb7 20. Qd3 Ba6 21. Qd2 Rab8 22. Qc2 Qa5 23. Nd2 Qc3 24. Rbc1 Qxc2 25. Rxc2 Bd3 26. Ra2 Bd4 27. a5 e5 28.
a6 Ra8 29. Nc4 Bxc4 30. bxc4 Ra7 31. Rb1 Rfa8 32. Rb6 Kf8 33. Rxd6 Ke7 34. Rb6 Kd7 35. Rb7+ Rxb7 36. axb7 Rb8 37. Ra7 Kc7 38. Kf1 Rxb7 39. Rxb7+ Kxb7 40. Ke2 Kb6 41. f4 f6 42. Kf3 Ka5 43.
Bf1 Kb4 44. Bd3 Kc3 45. Ke2 Bg1 46. h4 Kd4 47. fxe5 fxe5 48. g4 Bh2 49. h5 gxh5 50.
gxh5 Bf4 51. Bc2 Kxc4 52. Kd1 Kd4 53. Ke2 c4 54. Kd1 Ke3 55. Ke1 c3 56. Kd1 Kf3 57. Ke1 Bg3+ 58. Kf1 h6 59. Bd1+ Ke3 60. Bc2 Kd2 61.
Bb1 c2 62. Bxc2 Kxc2 63. Ke2 Bf4 64. Kf3 Kd3 65. Kf2 Kxe4 66. Ke2 Kd4 67. Kf3 Kd3 68.
Kf2 e4 69. Kg2 e3 70. Kf3 Bg5 71. Kg2 e2 72. Kf2 Kd2 73. Kf3 e1=Q 74. Kg4 Qe4+ 75. Kg3 Qf4+ 76. Kh3 Ke2 77. Kg2 Qg4+ 78. Kh2 Kf2 79.
Kh1 Qg2# 0-1

[Event "Live Chess"]
[Site "Chess.com"]
[Date "2023.05.21"]
[Round "-"]
[White "smoggyrabbit"]
[Black "ViktorTheCoolBoy"]
[Result "0-1"]
[WhiteElo "1745"]
[BlackElo "2501"]
[TimeControl "300"]
[EndTime "20:18:23 PDT"]
[Termination "ViktorTheCoolBoy won on time"]

1. d4 e6 2. Nf3 f5 3. e3 Nf6 4. Be2 b6 5. O-O Bb7 6. b3 Be7 7. Bb2 O-O 8. c4 Ne4 9. Nc3 d6 10. Qc2 Bf6 11. Bd3 Nxc3 12. Bxc3 Bxf3 13. gxf3 Qe8 14. Be2 f4 15. exf4 Nc6 16. Qe4 Qh5 17. Qxe6+ Kh8 18. Qg4 Qf7 19. Rad1 Rae8 20. Bd3 Bxd4 21.
Be4 Bxc3 22. Bxc6 Re7 23. Rd3 Bf6 24. Re3 h5 25. Qf5 Bd4 26. Qxf7 Rexf7 27. Re4 Rxf4 28. Rxf4 Rxf4 29. Re1 Be5 30. Kg2 Rh4 31. h3 Rd4 32.
Re4 Rd2 33. Be8 Bd4 34. Bxh5 Rxf2+ 35. Kg3 Rd2 36. Bg6 Bf2+ 37. Kg4 Rd4 38. Rxd4 Bxd4 39. Kf5 Kg8 40. Ke6 Kf8 41. Kd7 c5 42. Kxd6 Be3 43.
Kc6 Bd4 44. Kb7 Bc3 45. Kxa7 Ba5 46. Kb7 Ke7 47. Kc6 Kf6 48. Be4 Ke5 49. Kd7 Kd4 50.
Ke6 Kc3 51. Kf7 Kb2 52. Kxg7 Kxa2 53. h4 Kxb3 54. h5 Bc3+ 55. Kf7 Kxc4 56. h6 b5 57.
h7 b4 58. h8=Q Bxh8 0-1

[Event "Live Chess"]
[Site "Chess.com"]
[Date "2023.05.21"]
[Round "-"]
[White "Conradical12"]
[Black "LiamBellwood"]
[Result "0-1"]
[WhiteElo "1632"]
[BlackElo "2011"]
[TimeControl "300"]
[EndTime "20:19:15 PDT"]
[Termination "LiamBellwood won by checkmate"]

1. e4 e6 2. d4 d5 3. exd5 exd5 4. Bd3 Bd6 5. Nf3 Ne7 6. Be3 Nbc6 7. Nbd2 Bg4 8. c3 Qd7 9. Qc2 f6 10. O-O-O Bf5 11.
Rhe1 Bxd3 12. Qxd3 O-O 13. h4 Qf5 14. Qb5 a6 15. Qf1 Ng6 16. Qe2 Rfe8 17. h5 Nf4 18.
Qf1 Nxh5 19. g3 g6 20. Nh4 Qd7 21. Qd3 Ng7 22. Bh6 Rxe1 23. Rxe1 Re8 24. Rxe8+ Qxe8 25.
Bxg7 Kxg7 26. Ndf3 Na5 27. Nh2 Nc4 28. Ng4 Qe1+ 29. Kc2 f5 30. Nxf5+ gxf5 31. Qxf5 Qd2+ 32. Kb3 Qxb2+ 33. Ka4 Qb5# 0-1

[Event "Live Chess"]
[Site "Chess.com"]
[Date "2023.05.21"]
[Round "-"]
[White "Pablo_dmp"]
[Black "Tushinskiy"]
[Result "0-1"]
[WhiteElo "1859"]
[BlackElo "2210"]
[TimeControl "300"]
[EndTime "20:19:17 PDT"]
[Termination "Tushinskiy won by resignation"]

1. e4 e5 2. Nc3 d6 3. Bc4 Nf6 4. d3 Be7 5. f4 O-O 6. Nf3 Bg4 7.
O-O Nbd7 8. h3 Bxf3 9. Qxf3 c6 10. f5 b5 11. Bb3 a5 12. a4 b4 13. Ne2 Nc5 14. Bc4 d5 15. exd5 cxd5 16. Bb3 e4 17. dxe4 dxe4 18. Qg3 Bd6 19. Qe3 Rc8 20. Bd2 Nxb3 21.
Qxb3 Bc5+ 22. Be3 Bxe3+ 23. Qxe3 Rxc2 24. Rad1 Qe8 25. b3 Qe5 26. Qd4 Qb8 27. Nf4 h6 28. Nd5 Nxd5 29. Qxd5 Re8 30. Rfe1 Qg3 0-1

[Event "Live Chess"]
[Site "Chess.com"]
[Date "2023.05.21"]
[Round "-"]
[White "worldchessleaguelive"]
[Black "VovaOvchar1990"]
[Result "1/2-1/2"]
[WhiteElo "1366"]
[BlackElo "1234"]
[TimeControl "300"]
[EndTime "20:19:31 PDT"]
[Termination "Game drawn by repetition"]

1. d4 d5 2. Bf4 Bf5 3. Nf3 Nc6 4. e3 a6 5. Be2 Nf6 6. O-O e6 7. h3 h6 8. Nbd2 Nb4 9. c3 Nc6 10. g4 Bh7 11. Ne5 Nxe5 12. dxe5 Nd7 13. Nf3 Nb6 14.
a4 Be7 15. a5 Nc8 16. Qa4+ c6 17. Nd4 O-O 18. b4 b5 19. Qd1 Bg5 20. Nxc6 Qc7 21. Bxg5 Qxc6 22. Bf4 Qxc3 23. Qd4 Qxd4 24. exd4 Ne7 25.
Rfc1 Rfc8 26. Rc5 Ng6 27. Be3 Ne7 28. Rac1 Be4 29. Rxc8+ Rxc8 30. f3 Rxc1+ 31. Bxc1 Bc2 32. Kf2 Bb3 33. f4 Nc6 34. Ke3 Nxb4 35. Bd2 Nc2+ 36. Kd3 Na3 37. Kc3 Ba4 38. Kb4 Kf8 39. Kxa3 Ke7 40. Kb4 Kd7 41. Bxb5+ Bxb5 42. Kc5 Bf1 43.
h4 Kc7 44. g5 hxg5 45. fxg5 Be2 46. Bb4 g6 47. Bd2 Bb5 48. Bf4 Kd7 49. Kb6 Ke8 50. Kc7 Ke7 51. Bd2 Kf8 52. Kd8 Bc4 53. Bb4+ Kg8 54. Ke7 Bb5 55. Kf6 Bc4 56. Be7 Bb5 57. Bd8 Bc4 58. Bb6 Bb5 59. Ba7 Bc4 60. Bb8 Bb5 61. Bc7 Bc4 62. Bd8 Bb5 63. Be7 Bc4 64.
Bd6 Bb5 65. Ba3 Bc4 66. Bc1 Bb5 67. Bf4 Bc4 68. Bg3 Bb5 69. Bf4 Bc4 70. Bd2 Bb5 71. Bb4 Bc4 72. Bc5 Bb5 73. Bb6 Bc4 74. Bc7 Bb5 75.
Bd6 Bc4 76. Be7 Bb5 77. Bd8 Bc4 78. Bc7 Bb5 79. Bd6 Bc4 80. Be7 1/2-1/2

[Event "Live Chess"]
[Site "Chess.com"]
[Date "2023.05.21"]
[Round "-"]
[White "grillage"]
[Black "raminguy"]
[Result "1/2-1/2"]
[WhiteElo "1810"]
[BlackElo "1951"]
[TimeControl "300"]
[EndTime "20:20:01 PDT"]
[Termination "Game drawn by repetition"]

1. d4 d5 2. Nf3 e6 3. c4 a6 4.
cxd5 exd5 5. Nc3 c6 6. Qc2 Nf6 7. Bg5 Be7 8. e3 O-O 9. Bd3 h6 10. Bh4 Nbd7 11. O-O Re8 12. Rab1 Nf8 13. h3 Be6 14. b4 Nh5 15. Bxe7 Qxe7 16. a4 Bd7 17. b5 axb5 18. axb5 Nf6 19. bxc6 Bxc6 20. Ne5 Rec8 21. Qb3 Ra3 22. Qb2 Be8 23. Rfc1 Bc6 24. Bf5 Rca8 25. Nxc6 bxc6 26. Qb7 Qxb7 27. Rxb7 g6 28.
Bg4 Nxg4 29. hxg4 Ne6 30. Ne2 Ra1 31. Rxa1 Rxa1+ 32. Kh2 Ra2 33. Nf4 Nxf4 34. exf4 Rxf2 35. Kg3 Rd2 36. Rb4 Kg7 37. g5 hxg5 38. fxg5 Kf8 39. Kf3 Ke7 40. g4 Ke6 41. Kf4 Rd3 42. Ra4 Kd6 43.
Rb4 Ke6 44. Ra4 Rc3 45. Ra6 Rc4 46. Ke3 Kd6 47. Ra7 Rc3+ 48. Kf4 Ke6 49. Ra6 Rc1 50. Ke3 Kd6 51. Ra7 Rf1 52. Ra6 Rg1 53. Kf3 Rd1 54.
Ke3 Rg1 55. Kf3 Rf1+ 56. Ke3 Rb1 57. Ra7 Rb3+ 58. Kf4 Ke6 59. Ra6 Kd6 60. Ra7 Ke6 61. Ra6 Kd6 62. Ra7 1/2-1/2

[Event "Live Chess"]
[Site "Chess.com"]
[Date "2023.05.21"]
[Round "-"]
[White "DRS44"]
[Black "LutherSullivan"]
[Result "0-1"]
[WhiteElo "1320"]
[BlackElo "2201"]
[TimeControl "300"]
[EndTime "20:20:02 PDT"]
[Termination "LutherSullivan won by resignation"]

1. e4 e5 2. Nc3 Nc6 3. Bc4 Nf6 4. Nf3 Nxe4 5. Bxf7+ Kxf7 6. Nxe4 Be7 7. d4 d5 8. Neg5+ Bxg5 9. Nxg5+ Kg8 10. Qf3 Qd7 11. O-O Nxd4 12. Qe2 Nxe2+ 0-1

[Event "Live Chess"]
[Site "Chess.com"]
[Date "2023.05.21"]
[Round "-"]
[White "KeithArkell"]
[Black "ramses-IIG"]
[Result "1-0"]
[WhiteElo "2570"]
[BlackElo "870"]
[TimeControl "300"]
[EndTime "20:20:04 PDT"]
[Termination "KeithArkell won by resignation"]

1. d4 d5 2. Nf3 Nc6 3. c4 dxc4 4. e4 b5 5. d5 Nb8 6. a4 Ba6 7. axb5 Bxb5 8. Na3 Qd7 9. Nxb5 Qxb5 10. Nd4 Qb4+ 11. Bd2 Qxb2 12. Qa4+ Nd7 13. Nb5 Kd8 14. Bc3 Qb3 15.
Qa5 Nb6 16. Nd4 Qxc3+ 17. Qxc3 e6 18. dxe6 fxe6 19. Nxe6+ Ke7 20. Nxf8 Rxf8 21. Bxc4 Nxc4 22. Qxc4 Nf6 23. Rxa7 Rc8 24. Rxc7+ Rxc7 25. Qxc7+ Ke6 26. O-O Nxe4 27. Qc6+ Ke5 28. Re1 Kf5 29. Rxe4 Rd8 30. Qe6+ Kg5 31. Qg4+ Kh6 32. Qh4+ Kg6 33. Qxd8 1-0

[Event "Live Chess"]
[Site "Chess.com"]
[Date "2023.05.21"]
[Round "-"]
[White "Biranidun"]
[Black "RockTroll"]
[Result "1-0"]
[WhiteElo "2520"]
[BlackElo "2257"]
[TimeControl "300"]
[EndTime "20:22:00 PDT"]
[Termination "Biranidun won by resignation"]

1. e4 e5 2. Nf3 Nc6 3. Bc4 Bc5 4. c3 Nf6 5. d4 exd4 6. b4 Bb6 7. e5 d5 8. exf6 dxc4 9. Qe2+ Be6 10. b5 Nb4 11. fxg7 Rg8 12. cxb4 Qf6 13. Qe5 Qxe5+ 14. Nxe5 Rxg7 15. Nd2 c3 16. Ndc4 Bxc4 17. Nxc4 d3 18. O-O d2 19. Nxd2 cxd2 20. Bxd2 O-O-O 21. Bc3 Rg5 22. Bf6 1-0

[Event "Live Chess"]
[Site "Chess.com"]
[Date "2023.05.21"]
[Round "-"]
[White "chessfiction"]
[Black "worldchessleaguelive"]
[Result "1-0"]
[WhiteElo "2341"]
[BlackElo "1366"]
[TimeControl "300"]
[EndTime "20:22:25 PDT"]
[Termination "chessfiction won by checkmate"]

1. e4 d5 2. exd5 Qxd5 3. c4 Qd8 4. d4 Nf6 5. d5 e6 6. Nc3 exd5 7. cxd5 c6 8. Bg5 cxd5 9. Bb5+ Bd7 10. Qe2+ Be7 11.
Bxf6 gxf6 12. Nxd5 Bxb5 13. Qxb5+ Qd7 14. Nc7+ Kd8 15. Qxd7+ Kxd7 16. Nxa8 Nc6 17. O-O-O+ Kc8 18. Nf3 Kb8 19. Rhe1 Kxa8 20. Rd7 Bb4 21. Re4 Rc8 22.
Kb1 a5 23. a3 Bf8 24. Rxf7 Ne5 25. Nxe5 fxe5 26. Rxe5 Bh6 27. Rxa5+ Kb8 28. Rh5 Rc1+ 29. Ka2 Bd2 30. Rhxh7 Rg1 31. Rxb7+ Ka8 32. Rbg7 Be1 33. Rg8# 1-0

[Event "Live Chess"]
[Site "Chess.com"]
[Date "2023.05.21"]
[Round "-"]
[White "BostonStrangler"]
[Black "Singapourfeuj"]
[Result "1-0"]
[WhiteElo "2070"]
[BlackElo "2147"]
[TimeControl "300"]
[EndTime "20:22:29 PDT"]
[Termination "BostonStrangler won - game abandoned"]

1. Nf3 Nf6 2. g3 g6 3. Bg2 Bg7 4. O-O O-O 5. d4 d6 6. c4 a6 7. Nc3 Nbd7 8. e4 e5 9. dxe5 dxe5 10.
h3 Re8 11. Be3 Qe7 12. Nd5 Nxd5 13. cxd5 Nc5 14. Nd2 a5 15. Rc1 b6 16. b3 Ba6 17.
Nc4 Bf8 18. Qd2 f6 19. Rfd1 Bxc4 20. Rxc4 Qd7 21. f3 Bd6 22. Kh2 f5 23. h4 Qe7 24.
Bg5 1-0

[Event "Live Chess"]
[Site "Chess.com"]
[Date "2023.05.21"]
[Round "-"]
[White "ClassyChameleon"]
[Black "Long1968"]
[Result "1-0"]
[WhiteElo "1083"]
[BlackElo "1034"]
[TimeControl "300"]
[EndTime "20:22:36 PDT"]
[Termination "ClassyChameleon won on time"]

1. e4 e6 2. d4 d5 3. e5 c5 4. c3 Nc6 5. Nf3 Qb6 6. Be3 cxd4 7. Nxd4 Nxd4 8. cxd4 Bb4+ 9. Nc3 Ne7 10. Be2 Ng6 11.
O-O Bd7 12. a3 Be7 13. b4 f6 14. Rb1 O-O 15. a4 Bxb4 16. Nb5 Qa5 17. Nd6 Bxd6 18. exd6 Bxa4 19. Qc1 Rac8 20. Qa3 Rc3 21. Qb4 Qxb4 22.
Rxb4 Rb3 23. Rxa4 Rd8 24. Bd1 1-0

[Event "Live Chess"]
[Site "Chess.com"]
[Date "2023.05.21"]
[Round "-"]
[White "Tushinskiy"]
[Black "LiamBellwood"]
[Result "1-0"]
[WhiteElo "2214"]
[BlackElo "2007"]
[TimeControl "300"]
[EndTime "20:24:34 PDT"]
[Termination "Tushinskiy won by resignation"]

1. d4 e6 2. c3 f5 3. Nf3 Nf6 4. Bf4 b6 5. Bg3 Bb7 6. Nbd2 Bd6 7. e3 O-O 8. Bd3 Ne4 9. Qe2 Bxg3 10. hxg3 d6 11.
g4 Nxd2 12. Qxd2 g6 13. gxf5 exf5 14. O-O-O Nd7 15. Rh6 Nf6 16. Rdh1 Rf7 17. Bc4 d5 18. Bd3 Ng4 19. R6h4 Nf6 20. Ne5 Rg7 21. f4 c5 22.
Qf2 c4 23. Bc2 b5 24. g4 Bc8 25. gxf5 gxf5 26. Rh6 Ne4 27. Bxe4 dxe4 28. Qh2 Qe7 29. Rh3 a5 30. Rg3 Ra7 31. Rxg7+ Kxg7 32. Rg1+ Kh8 33.
Ng6+ 1-0

[Event "Live Chess"]
[Site "Chess.com"]
[Date "2023.05.21"]
[Round "-"]
[White "Pablo_dmp"]
[Black "ramses-IIG"]
[Result "1-0"]
[WhiteElo "1859"]
[BlackElo "870"]
[TimeControl "300"]
[EndTime "20:25:05 PDT"]
[Termination "Pablo_dmp won by checkmate"]

1. e4 d5 2. exd5 Qxd5 3. Nc3 Qe6+ 4. Be2 Qg6 5. Bf3 c6 6. d4 e6 7. Nh3 f6 8. Nf4 Qf7 9. O-O Bb4 10. Re1 Ne7 11.
Bd2 O-O 12. a3 Ba5 13. Ne4 Bb6 14. Bb4 Rd8 15. Ne2 Nf5 16. Bc5 Bxc5 17. Nxc5 Nh4 18. Be4 f5 19. Bd3 Qg6 20. Ng3 Qg5 21. Nxe6 Bxe6 22. Rxe6 f4 23. Bc4 Kf8 24. Re5 Qh6 25. Nf5 Nxf5 26. Rxf5+ Ke8 27. Qe2+ Kd7 28. Rf7+ Kd6 29.
Qe5# 1-0

[Event "Live Chess"]
[Site "Chess.com"]
[Date "2023.05.21"]
[Round "-"]
[White "Conradical12"]
[Black "garyjc"]
[Result "1-0"]
[WhiteElo "1633"]
[BlackElo "1049"]
[TimeControl "300"]
[EndTime "20:25:08 PDT"]
[Termination "Conradical12 won by checkmate"]

1. e4 c5 2. Bc4 d6 3. Nf3 Nc6 4.
d3 g6 5. Be3 Bg7 6. c3 Nf6 7.
Qd2 Ng4 8. O-O Nxe3 9. fxe3 O-O 10. Qf2 Na5 11. Ng5 e6 12. Nxf7 Qe7 13. b4 Rxf7 14.
Qxf7+ Qxf7 15. Rxf7 Kxf7 16. bxa5 Bxc3 17. Nxc3 Bd7 18.
Rf1+ Kg7 19. Bb5 Bc8 20. Be8 b6 21. Rf7+ Kh6 22. axb6 axb6 23. e5 Ra3 24. Ne4 Ba6 25. Nf6 Rxd3 26. h4 Rd1+ 27. Kh2 Rd2 28. Rxh7# 1-0

[Event "Live Chess"]
[Site "Chess.com"]
[Date "2023.05.21"]
[Round "-"]
[White "ViktorTheCoolBoy"]
[Black "alanmike75"]
[Result "1-0"]
[WhiteElo "2501"]
[BlackElo "1602"]
[TimeControl "300"]
[EndTime "20:26:06 PDT"]
[Termination "ViktorTheCoolBoy won by resignation"]

1. d4 d5 2. c4 c6 3. Nc3 Nf6 4. Nf3 e6 5. e3 Be7 6. Qc2 O-O 7.
b3 Nbd7 8. Bb2 b6 9. Bd3 Bb7 10. O-O Rc8 11. Rfd1 Re8 12. e4 dxe4 13. Nxe4 Nxe4 14. Bxe4 Nf8 15. Qe2 Qc7 16. Rac1 Bf6 17. g4 Qf4 18. Ne5 Bxe5 19. dxe5 Red8 20. Qf3 Qxf3 21. Bxf3 Ng6 22. Be4 Ne7 23. Ba3 Kf8 24. Bd6 Ke8 25. b4 Rd7 26. f4 Rcd8 27. b5 c5 28. Re1 Bxe4 29. Rxe4 Nc8 30. Re3 Nxd6 31. exd6 Rxd6 32. Ra3 R8d7 33. Rcc3 Ke7 34. Kg2 Rd2+ 35. Kg3 f6 36. Ra4 R2d3+ 37. Rxd3 Rxd3+ 38. Kf2 Rd7 39. Ke3 e5 40. fxe5 fxe5 41. Ra3 Ke6 42. Ra6 g5 43. a4 Ke7 44. a5 Rb7 45. axb6 axb6 46. Ke4 Ke6 47. Ra8 Rd7 48. Re8+ Kf6 49. Rf8+ Ke7 50. Rf5 Rd4+ 51. Kxe5 Rxg4 52. Kd5 Rd4+ 53. Kc6 Rxc4 54. Rxg5 Kf6 55. Rh5 Kg6 56. Rh3 Rb4 57. Kxb6 c4 58.
Kc5 Rb3 59. Rh4 c3 60. Rc4 h5 61. b6 Kf6 62. Kc6 Ke6 63. b7 Ke5 64. h4 1-0

[Event "Live Chess"]
[Site "Chess.com"]
[Date "2023.05.21"]
[Round "-"]
[White "YuriyKrykun"]
[Black "tpm07"]
[Result "0-1"]
[WhiteElo "2265"]
[BlackElo "1963"]
[TimeControl "300"]
[EndTime "20:26:23 PDT"]
[Termination "tpm07 won by checkmate"]

1. Nf3 d5 2. g3 Bg4 3. Bg2 e6 4. O-O Nf6 5. c4 c6 6. d3 Nbd7 7. Nc3 Be7 8. Be3 O-O 9. Qb3 b6 10. Rfc1 Rc8 11. Qd1 c5 12. cxd5 exd5 13. Bg5 d4 14. Nb1 h6 15. Bxf6 Nxf6 16. Nbd2 Re8 17.
a4 Bf8 18. h3 Bh5 19. g4 Bg6 20. Nc4 Nd5 21. Qd2 Qf6 22. Nfe5 Rxe5 23. Nxe5 Qxe5 24.
Re1 Bd6 25. Kf1 Nf4 26. e4 Nxg2 27. Kxg2 Qh2+ 28. Kf1 Qxh3+ 29. Ke2 Qxg4+ 30. f3 Qg2+ 31. Kd1 Qxf3+ 32. Kc2 c4 33. Kb1 cxd3 34. Ka2 Bxe4 35. Rf1 Bd5+ 36. b3 Qxf1 37. Rxf1 Rc2+ 38. Qxc2 dxc2 39. Kb2 Be4 40. Re1 f5 41. Rg1 Bb4 42. Kc1 d3 43. Rd1 cxd1=Q+ 44. Kxd1 d2 45. Ke2 Bf3+ 46. Ke3 d1=Q 47. a5 Qe2+ 48. Kf4 Qe4+ 49. Kg3 Qg4+ 50.
Kf2 Bc5+ 51. Ke1 Qg2 52. axb6 Qe2# 0-1

[Event "Live Chess"]
[Site "Chess.com"]
[Date "2023.05.21"]
[Round "-"]
[White "manthanit"]
[Black "Biranidun"]
[Result "0-1"]
[WhiteElo "1075"]
[BlackElo "2520"]
[TimeControl "300"]
[EndTime "20:26:27 PDT"]
[Termination "Biranidun won by resignation"]

1. e4 c5 2. d4 cxd4 3. Qxd4 Nc6 4. Qd1 Nf6 5. Nc3 g6 6. Nf3 Bg7 7. Bd3 O-O 8. O-O d6 9. h3 Be6 10. Bg5 h6 11. Bh4 Nh5 12. Re1 Rc8 13. Bb5 Bxc3 14.
bxc3 Re8 15. Nd4 Bd7 16. e5 Nxe5 17. Bxd7 Qxd7 18. f4 Nxf4 19. Qd2 Nxh3+ 20. gxh3 Qxh3 21. Qh2 Qxc3 22. Nb5 Nf3+ 0-1

[Event "Live Chess"]
[Site "Chess.com"]
[Date "2023.05.21"]
[Round "-"]
[White "KeithArkell"]
[Black "Doge_Dandolo"]
[Result "1-0"]
[WhiteElo "2570"]
[BlackElo "1908"]
[TimeControl "300"]
[EndTime "20:26:53 PDT"]
[Termination "KeithArkell won by checkmate"]

1. d4 Nf6 2. Nf3 c5 3. d5 g6 4. Nc3 d6 5. e4 Bg7 6. Bb5+ Bd7 7.
a4 O-O 8. h3 a6 9. Bc4 Re8 10. O-O Qc7 11. Re1 e6 12. dxe6 Bxe6 13. Bxe6 Rxe6 14. Bf4 Nc6 15. Nd5 Nxd5 16. Qxd5 Rae8 17.
c3 b6 18. Rad1 Ne5 19. Bxe5 Bxe5 20. Nxe5 Rxe5 21. Qxd6 Qxd6 22. Rxd6 Rxe4 23. Rxe4 Rxe4 24. Rxb6 Rxa4 25. g4 Kf8 26. Kg2 Ke7 27. g5 Ra2 28. Kg3 Ra4 29. h4 Ra2 30. f3 Ra4 31. Kh3 Kf8 32. Kg2 Kg7 33. Kg3 h6 34. Rb8 hxg5 35.
hxg5 Ra2 36. Kf4 Ra4+ 37. Ke5 Rh4 38. Rb6 Ra4 39. f4 Rc4 40. Rxa6 Kg8 41. Ra7 Kg7 42.
Ra8 Kh7 43. f5 gxf5 44. Kf6 f4 45. Kxf7 f3 46. g6+ Kh6 47. Rh8+ Kg5 48. g7 Rf4+ 49. Ke6 f2 50. g8=Q# 1-0

[Event "Live Chess"]
[Site "Chess.com"]
[Date "2023.05.21"]
[Round "-"]
[White "raminguy"]
[Black "VovaOvchar1990"]
[Result "1-0"]
[WhiteElo "1951"]
[BlackElo "1234"]
[TimeControl "300"]
[EndTime "20:27:21 PDT"]
[Termination "raminguy won by resignation"]

1. d4 d5 2. Nc3 Nf6 3. Bf4 Bf5 4. e3 a6 5. Nf3 Nc6 6. Ne5 Nxe5 7. dxe5 Ne4 8. Nxd5 e6 9. f3 Qxd5 10. Qxd5 exd5 11.
fxe4 Bxe4 12. O-O-O O-O-O 13. Rg1 Re8 14. Bd3 Bxd3 15. Rxd3 c6 16. Rgd1 f6 17. exf6 gxf6 18. Bg3 Bc5 19. Bf4 Rhg8 20. g3 Rg7 21. a3 Rge7 22. Rf1 Bxe3+ 23. Bxe3 Rxe3 24. Rxf6 Re2 25. Rh6 Rh8 26. Rf3 Re7 27. g4 Kc7 28. g5 Re1+ 29. Kd2 Rg1 30. Rg3 Rxg3 31. hxg3 Kb8 32. g6 Rg8 33. gxh7 Rh8 34. g4 Kc8 35. g5 Kd8 36. g6 Ke7 37. g7 Rd8 38. h8=Q 1-0

[Event "Live Chess"]
[Site "Chess.com"]
[Date "2023.05.21"]
[Round "-"]
[White "grillage"]
[Black "LutherSullivan"]
[Result "0-1"]
[WhiteElo "1808"]
[BlackElo "2203"]
[TimeControl "300"]
[EndTime "20:27:26 PDT"]
[Termination "LutherSullivan won by checkmate"]

1. d4 Nf6 2. Nc3 g6 3. Bf4 d5 4. e3 Bg7 5. h4 h5 6. Nf3 O-O 7. Ne5 c6 8. Qd2 Nbd7 9. O-O-O a5 10. f3 a4 11. a3 Nxe5 12. Bxe5 b5 13. Na2 Qb6 14.
Be2 Bb7 15. g4 hxg4 16. fxg4 Ne4 17. Qe1 Bxe5 18. dxe5 Qxe3+ 19. Kb1 Ng3 20. Rh2 Qxe5 21.
Rg2 Ne4 22. g5 c5 23. h5 d4 24. hxg6 fxg6 25. Qh4 Nd2+ 26. Rxd2 Bxg2 27. Bd3 Bd5 28. Bxg6 Bxa2+ 29. Kc1 Rf1+ 30. Rd1 Qe3# 0-1

[Event "Live Chess"]
[Site "Chess.com"]
[Date "2023.05.21"]
[Round "-"]
[White "smoggyrabbit"]
[Black "yarek"]
[Result "1-0"]
[WhiteElo "1756"]
[BlackElo "1885"]
[TimeControl "300"]
[EndTime "20:27:27 PDT"]
[Termination "smoggyrabbit won by resignation"]

1. d4 g6 2. Nf3 Bg7 3. e3 c6 4. Bd3 d5 5. O-O Bg4 6. Nbd2 e6 7. b3 Nf6 8. Bb2 O-O 9. h3 Bxf3 10. Nxf3 Nbd7 11.
Ne5 Nxe5 12. dxe5 Nd7 13. f4 c5 14. c4 Nb6 15. cxd5 exd5 16. e4 d4 17. Rc1 Rc8 18. Ba3 Nd7 19. Bc4 b6 20. e6 fxe6 21.
Bxe6+ Kh8 22. f5 gxf5 23. Bxf5 Rc6 24. Bxd7 Qxd7 25. Rxf8+ Bxf8 26. Qf3 Qe7 27. Rf1 Bg7 28. e5 Re6 29. Qa8+ Qe8 30. Qxa7 Bxe5 31. Rf7 Rh6 32.
Re7 Qb8 33. Qxb8+ Bxb8 34. Re8+ Kg7 35. Rxb8 Rd6 36. Bb2 Kg6 37. Rg8+ Kf7 38. Rg3 d3 39. Rf3+ Ke6 40. Rf6+ Ke7 41. Rxd6 Kxd6 42. Kf2 b5 43. Ke3 c4 44. bxc4 bxc4 45. Bc3 Kc5 46. a4 h5 47. a5 Kb5 48. g4 hxg4 49. hxg4 1-0

[Event "Live Chess"]
[Site "Chess.com"]
[Date "2023.05.21"]
[Round "-"]
[White "ViktorTheCoolBoy"]
[Black "Conradical12"]
[Result "1-0"]
[WhiteElo "2501"]
[BlackElo "1633"]
[TimeControl "300"]
[EndTime "20:27:40 PDT"]
[Termination "ViktorTheCoolBoy won by checkmate"]

1. d4 h6 2. e4 h5 3. Nf3 h4 4. Bc4 h3 5. g3 a5 6. Nc3 a4 7. a3 b6 8. e5 b5 9. Bxb5 c5 10.
dxc5 Na6 11. Be3 Nb4 12. axb4 Ra5 13. bxa5 Ba6 14. Bxa6 Qc8 15. Bxc8 Rh4 16. Nxh4 g6 17.
a6 f5 18. a7 Kd8 19. a8=Q Bh6 20. Bb7+ Kc7 21. Nd5# 1-0

[Event "Live Chess"]
[Site "Chess.com"]
[Date "2023.05.21"]
[Round "-"]
[White "Tushinskiy"]
[Black "ramses-IIG"]
[Result "1-0"]
[WhiteElo "2214"]
[BlackElo "870"]
[TimeControl "300"]
[EndTime "20:27:51 PDT"]
[Termination "Tushinskiy won by resignation"]

1. d4 d5 2. c3 e6 3. Nf3 Nf6 4.
Bf4 Nc6 5. Bg3 Bd7 6. Nbd2 b6 7. e3 Na5 8. Bd3 c6 9. b4 Nb7 10. Qe2 Bd6 11. Ne5 Bxe5 12. dxe5 Ng8 13. f4 Ne7 14.
O-O O-O 15. Rad1 c5 16. e4 cxb4 17. cxb4 dxe4 18. Nxe4 Ba4 19. Rd2 Nd5 20. h3 a5 21.
b5 f6 22. exf6 Nxf6 23. Ng5 Nc5 24. Bxh7+ 1-0

[Event "Live Chess"]
[Site "Chess.com"]
[Date "2023.05.21"]
[Round "-"]
[White "LiamBellwood"]
[Black "garyjc"]
[Result "1-0"]
[WhiteElo "2007"]
[BlackElo "1049"]
[TimeControl "300"]
[EndTime "20:28:01 PDT"]
[Termination "LiamBellwood won by resignation"]

1. d4 Nf6 2. Nc3 g6 3. Bf4 Bg7 4. e4 O-O 5. Qd2 d6 6. Bh6 Nc6 7. Bxg7 Kxg7 8. O-O-O Nb4 9. h4 a5 10. Nf3 a4 11. h5 b5 12. hxg6 fxg6 13. Qh6+ Kg8 14.
Ng5 Bg4 15. f3 Bh5 16. g4 1-0

[Event "Live Chess"]
[Site "Chess.com"]
[Date "2023.05.21"]
[Round "-"]
[White "Fazer180"]
[Black "RockTroll"]
[Result "1-0"]
[WhiteElo "1758"]
[BlackElo "2228"]
[TimeControl "300"]
[EndTime "20:28:31 PDT"]
[Termination "Fazer180 won - game abandoned"]

1. e4 d5 2. exd5 Qxd5 3. Nc3 Qd8 4. d4 Nf6 5. Nf3 Bg4 6. Be3 c6 7. h3 Bxf3 8. Qxf3 e6 9. O-O-O Bb4 10. Bg5 Bxc3 11.
Qxc3 Ne4 12. Bxd8 Nxc3 13. bxc3 Kxd8 14. Bd3 Nd7 15. Kd2 Ke7 16. Rb1 b5 17. Be4 Rhc8 18. Rb3 Nb6 19. Ke2 a5 20. Bd3 a4 21. Rbb1 Kd6 22. Kf3 Nd5 23. c4 Nc3 24. Rb2 a3 25. Rb3 Nxa2 26. cxb5 cxb5 27. Rxb5 1-0

[Event "Live Chess"]
[Site "Chess.com"]
[Date "2023.05.21"]
[Round "-"]
[White "KeithArkell"]
[Black "manthanit"]
[Result "1-0"]
[WhiteElo "2570"]
[BlackElo "1075"]
[TimeControl "300"]
[EndTime "20:28:47 PDT"]
[Termination "KeithArkell won by checkmate"]

1. d4 e6 2. Nf3 d5 3. Bg5 Be7 4. Bxe7 Nxe7 5. Nbd2 O-O 6. e3 Ng6 7. Bd3 Nd7 8. h4 h5 9. Ng5 f6 10. Bxg6 fxg5 11. Qxh5 Nf6 12. Qxg5 Ne4 13. Qxd8 Rxd8 14.
Nxe4 dxe4 15. Bxe4 Rf8 16. f4 c6 17. h5 Bd7 18. h6 gxh6 19. Rxh6 Kg7 20. Rh7+ Kf6 21. g4 Be8 22. g5# 1-0

[Event "Live Chess"]
[Site "Chess.com"]
[Date "2023.05.21"]
[Round "-"]
[White "Tushinskiy"]
[Black "Conradical12"]
[Result "1-0"]
[WhiteElo "2215"]
[BlackElo "1632"]
[TimeControl "300"]
[EndTime "20:28:58 PDT"]
[Termination "Tushinskiy won by checkmate"]

1. d4 h6 2. c3 h5 3. Nf3 h4 4. h3 a6 5. Bf4 a5 6. Nbd2 a4 7. a3 e5 8. Bxe5 Qf6 9. Bxf6 Be7 10. Bxg7 Nc6 11. Bxh8 Bf6 12. Bxf6 Nge7 13. Bxh4 f6 14. Bxf6 Nd8 15. e4 Ndc6 16. Bd3 Nd8 17. Ne5 Ndc6 18.
Qh5+ Kf8 19. Qf7# 1-0

[Event "Live Chess"]
[Site "Chess.com"]
[Date "2023.05.21"]
[Round "-"]
[White "matt1979"]
[Black "Biranidun"]
[Result "0-1"]
[WhiteElo "1476"]
[BlackElo "2520"]
[TimeControl "300"]
[EndTime "20:29:02 PDT"]
[Termination "Biranidun won by resignation"]

1. f4 d5 2. e3 Nf6 3. Nf3 g6 4. Be2 Bg7 5. O-O O-O 6. d3 c5 7.
Nc3 d4 8. Ne4 Nd5 9. Nxc5 dxe3 10.
Ne4 Nxf4 11. Qe1 Qb6 12. Kh1 Nc6 13. Bd1 Nd5 14. c4 Ndb4 15. Bxe3 Nxd3 16. Qd2 Qxb2 17. Qxb2 Nxb2 18. Rb1 Nxc4 19. Bf2 Bf5 20. Ng3 Bxb1 0-1